 Dungeon Crawl Stone Soup version 0.23.1-41-g7e51ed32d8 (webtiles) character file.

Game seed: 14761010301160552984

1307 Marnok the Skirmisher (level 8, 0/130 HPs)
             Began as an Ogre Berserker on Mar 29, 2019.
             Was an Elder of Trog.
             Splashed by a jelly's acid (5 damage)
             ... on level 6 of the Dungeon.
             The game lasted 00:18:12 (4023 turns).

Marnok the Skirmisher (Ogre Berserker)              Turns: 4023, Time: 00:18:12

Health: 0/130      AC: -14   Str: 29    XL:     8   Next: 57%
Magic:  8/8        EV: 11    Int:  8    God:    Trog [****..]
Gold:   159        SH:  0    Dex:  8    Spells: 7/7 levels left

rFire    . . .     SeeInvis .   e - +2 short sword (protect)
rCold    . . .     Gourm    .   (no shield)
rNeg     . . .     Faith    .   b - +0 animal skin
rPois    .         Spirit   .   (helmet restricted)
rElec    .         Reflect  .   s - scarf {repulsion}
rCorr    .         Harm     .   (gloves unavailable)
MR       .....                  (boots unavailable)
Stlth    ..........             (no amulet)
HPRegen  0.31/turn              (no ring)
MPRegen  0.11/turn              (no ring)

@: berserking, corroded, protection aura, repel missiles, very quick
A: large, unfitting armour, tough skin 1
a: Berserk, Trog's Hand, Brothers in Arms, Renounce Religion


You were on level 6 of the Dungeon.
You worshipped Trog.
Trog was greatly pleased with you.
You were not hungry.

You visited 1 branch of the dungeon, and saw 7 of its levels.

You collected 159 gold pieces.

Inventory:

Hand Weapons
 a - a +0 mace
 e - a +2 short sword of protection (weapon)
 j - a +0 giant spiked club
 k - a +0 shortbow
Missiles
 l - 56 arrows
Armour
 b - a +0 animal skin (worn)
 s - a scarf of repulsion (worn)
 t - the +2 ring mail "Luezeuga" {Dex+4, unknown}
   (You found it on level 5 of the Dungeon)

   It affects your dexterity (+4).
Magical Staves
 r - an uncursed staff of fire {unknown}
Wands
 f - a wand of acid (6)
 n - a wand of disintegration (6)
Scrolls
 d - 2 scrolls of fear {unknown}
 h - a scroll of noise {unknown}
 i - 2 scrolls of identify {unknown}
 m - 2 scrolls of teleportation {unknown}
 q - 2 scrolls of amnesia {unknown}
Potions
 o - a potion of degeneration {unknown}
 p - a potion of mutation {unknown}
Comestibles
 c - 4 rations
 g - 3 chunks of flesh


   Skills:
 + Level 7.2 Fighting
 + Level 5.8 Short Blades
 + Level 3.2 Maces & Flails
 + Level 5.7 Dodging
 + Level 1.4 Stealth


You had 7 spell levels left.
You didn't know any spells.
Your spell library was empty.

Dungeon Overview and Level Annotations

Branches:
Dungeon (7/15)
 Temple: D:4-7

Altars:
Ashenzari
Cheibriados
Gozag

Shops:
D:2 *


Innate Abilities, Weirdness & Mutations

You are too large for most types of armour.
You have tough skin. (AC +1)


Message History

The jelly hits you. The acid corrodes you!
You are splashed with acid!
* * * LOW HITPOINT WARNING * * *
You hit the jelly but do no damage.
Your hands burn!
* * * LOW HITPOINT WARNING * * *
The jelly is almost dead.
The jelly hits you.
* * * LOW HITPOINT WARNING * * *
You are splashed with acid!
* * * LOW HITPOINT WARNING * * *
A red film seems to cover your vision as you go berserk!
You feel yourself moving faster!
You feel mighty!
You feel quite a bit more hungry. The jelly hits you.
* * * LOW HITPOINT WARNING * * *
The acid corrodes you!
You are splashed with acid!
* * * LOW HITPOINT WARNING * * *
You hit the jelly but do no damage.
Your hands burn!
* * * LOW HITPOINT WARNING * * *
The jelly is almost dead.
You hit the jelly but do no damage. The acid corrodes you!
Your hands burn!
You die...

#.. ...
#......).#
#..#
#..#...#..###
#..#
#.##.#..##
#..#
#.......#
###..####
#.## #.# #.#
#@#
#.....J..#
#......?.#
#........#
#........#
.........#
.........#
.........#


You could see a jelly.

Vanquished Creatures
  Duvessa (D:4)
  A phantom (D:4)
  2 ogres (D:4)
  2 centaurs
  A bullfrog (D:6)
  Dowan (D:4)
  A scorpion (D:3)
  3 killer bees (D:3)
  A bullfrog skeleton (D:4)
  2 orc priests (D:4)
  A jelly (D:5)
  An orc wizard (D:4)
  Ijyb (D:3)
  3 worker ants (D:4)
  Natasha (D:3)
  4 gnolls (D:4)
  8 adders
  A dart slug (D:3)
  4 leopard geckos
  8 orcs
  5 giant cockroaches
  8 goblins
  9 hobgoblins
  18 jackals
  11 bats
  A frilled lizard (D:4)
  7 kobolds
  4 rats
110 creatures vanquished.

Notes
Turn   | Place    | Note
-------+----------+-------------------------------------------
     0 | D:1      | Marnok the Ogre Berserker began the quest for the Orb.
     0 | D:1      | Reached XP level 1. HP: 24/24 MP: 1/1
    40 | D:1      | Found a snail-covered altar of Cheibriados.
   212 | D:1      | Reached XP level 2. HP: 32/32 MP: 2/2
   322 | D:2      | Found an opulent altar of Gozag.
   334 | D:2      | Found Gozag's Platinum Reserve.
   428 | D:2      | Noticed a centaur
   438 | D:2      | Killed a centaur
   438 | D:2      | Reached skill level 1 in Short Blades
   438 | D:2      | Reached XP level 3. HP: 7/41 MP: 3/3
   438 | D:2      | Reached XP level 4. HP: 8/49 MP: 4/4
   804 | D:1      | Reached ** piety under Trog
  1116 | D:2      | Reached skill level 5 in Fighting
  1133 | D:2      | Reached XP level 5. HP: 38/57 MP: 5/5
  1175 | D:3      | Reached XP level 6. HP: 50/66 MP: 6/6
  1470 | D:3      | Noticed Ijyb
  1516 | D:3      | Killed Ijyb
  1903 | D:3      | Noticed Natasha
  1909 | D:3      | Killed Natasha
  1993 | D:2      | Reached *** piety under Trog
  2004 | D:2      | Reached XP level 7. HP: 71/74 MP: 7/7
  2539 | D:4      | Reached skill level 6 in Fighting
  2863 | D:5      | Entered Level 5 of the Dungeon
  2890 | D:5      | Got a bloodstained ring mail
  2980 | D:4      | Reached skill level 5 in Dodging
  3243 | D:4      | Noticed Duvessa
  3243 | D:4      | Noticed Dowan
  3252 | D:4      | Killed Duvessa
  3252 | D:4      | Reached skill level 5 in Short Blades
  3252 | D:4      | Reached XP level 8. HP: 84/84 MP: 8/8
  3256 | D:4      | Killed Dowan
  3256 | D:4      | Reached skill level 1 in Stealth
  3325 | D:4      | Reached **** piety under Trog
  3789 | D:5      | Reached skill level 7 in Fighting
  3870 | D:6      | Found a shattered altar of Ashenzari.
  4022 | D:6      | HP: 5/130 [acid (5)]
  4023 | D:6      | Splashed by a jelly's acid

Skill      XL: |  1  2  3  4  5  6  7  8 |
---------------+-------------------------+-----
Dodging        | 3 4 5 |  5.7
Short Blades   | 1 2 3 5 |  5.8
Maces & Flails | 3 |  3.2
Fighting       | 5 6 7 |  7.2
Stealth        | 1 |  1.4

Action                   |  1- 3 |  4- 6 |  7- 9 || total
-------------------------+-------+-------+-------++-------
Melee: Mace              |    18 |       |       ||    18
       Short sword       |    32 |   216 |   208 ||   456
Invok: Berserk           |     1 |     3 |     5 ||     9
  Use: Potion            |       |     6 |     3 ||     9
       Scroll            |       |       |     1 ||     1
 Stab: Sleeping          |       |       |     1 ||     1
  Eat: Chunk             |       |     7 |    11 ||    18
Armor: Animal skin       |    35 |   139 |    57 ||   231
Dodge: Dodged            |    43 |   185 |    87 ||   315
       Deflected         |       |       |     1 ||     1
